Map: Kairos Junction LE

Players

ZaZen - Winner!

  • Race: Terran Terran
  • League: Silver
  • Spawn Location: 5:00

edgarsai

  • Race: Protoss Protoss
  • League: Silver
  • Spawn Location: 11:00

VOD

Have the link to the VOD?

Description

Time

  • Played on: May 18, 2019, 8:28 p.m.
  • Length: 12:23
Show
View Real Time Build Order
Export as new Build Order

ZaZen Terran - Winner!

Build Orders:  

Get SALT Encoding   

  12  0:01  SCV  
  13  0:13  SCV  
  14  0:19  Supply Depot  
  14  0:25  SCV  
  15  0:28  Refinery  
  15  0:40  SCV  
  16  0:45  Barracks  
  16  0:52  SCV  
  17  1:04  SCV  
  18  1:17  SCV  
  19  1:32  Orbital Command  
  19  1:41  Barracks Reactor  
  19  1:49  Factory  
  19  1:58  SCV  
  20  2:13  SCV, Supply Depot  
  21  2:17  Marine x2  
  23  2:30  Command Center  
  23  2:39  Factory Tech Lab  
  23  2:40  Marine x2  
  25  2:45  SCV  
  25  2:49  Refinery  
  26  3:00  Marine x2  
  28  3:08  Bunker  
  28  3:10  SCV  
  29  3:19  Starport  
  29  3:23  SCV  
  30  3:32  Supply Depot  
  30  3:36  Marine  
  31  3:42  Cyclone, Marine  
  31  3:44  Orbital Command  
  35  3:51  SCV  
  36  3:56  Marine  
  36  3:59  Starport Tech Lab, Marine  
  38  4:03  SCV  
  39  4:15  SCV  
  39  4:16  Refinery  
  40  4:17  Raven  
  42  4:25  Cyclone  
  42  4:27  SCV  
  42  4:29  Marine x2  
  48  4:35  SCV  
  49  4:39  SCV  
  50  4:47  SCV  
  50  4:51  Command Center  
  50  4:56  Refinery  
  50  4:57  SCV, Siege Tank  
  54  5:07  Supply Depot  
  54  5:11  SCV  
  55  5:29  Siege Tank  
  55  5:30  Stimpack  
  55  5:33  Marine  
  59  5:37  Viking x2  
  59  5:39  Supply Depot  
  63  5:44  Engineering Bay  
  63  5:48  SCV  
  63  5:49  SCV, Engineering Bay  
  65  6:05  Orbital Command  
  65  6:06  Factory  
  65  6:20  Marauder  
  67  6:28  Medivac x2  
  71  6:35  SCV x2  
  71  6:36  SCV  
  74  6:41  Marine  
  75  6:58  Orbital Command  
  75  7:03  Factory Tech Lab  
  75  7:10  Terran Infantry Weapons Level 1  
  75  7:11  Terran Infantry Armor Level 1  
  75  7:12  Barracks x2  
  75  7:15  Marauder  
  77  7:17  Siege Tank  
  77  7:20  Medivac  
  82  7:31  SCV  
  82  7:32  SCV x2  
  85  7:40  Combat Shield  
  85  7:42  Siege Tank  
  88  7:52  Supply Depot  
  88  7:55  Supply Depot  
  88  8:03  SCV x3  
  91  8:05  Barracks Reactor  
  91  8:06  Barracks Reactor  
  91  8:18  Marine  
  92  8:20  Medivac x2  
  96  8:30  SCV x3  
  96  8:32  Sensor Tower  
  99  8:36  Marine  
  100  8:44  SCV x3  
  103  8:50  Supply Depot  
  103  8:52  Supply Depot  
  103  8:54  Marine  
  103  8:55  Marine x4  
  108  8:58  Concussive Shells  
  108  9:01  SCV  
  108  9:02  Refinery  
  109  9:05  Refinery  
  109  9:12  SCV x2, Missile Turret, Medivac, Siege Tank  
  109  9:13  Supply Depot  
  109  9:14  Armory, Supply Depot  
  109  9:16  Siege Tank  
  119  9:22  Missile Turret  
  119  9:24  Missile Turret  
  119  9:27  SCV  
  119  9:28  SCV  
  119  9:29  SCV  
  119  9:30  Marine x3  
  125  9:34  Marine x2  
  125  9:36  Supply Depot  
  125  9:37  Supply Depot  
  127  9:41  Medivac  
  129  9:48  Marine  
  130  10:01  Marine x4  
  130  10:04  Siege Tank x2  
  130  10:06  Medivac  
  142  10:11  Medivac  
  140  10:41  Marine x5  
  145  10:48  Liberator  
  145  10:49  Liberator  
  133  10:58  Marine  
  133  11:01  SCV  
  133  11:02  SCV x2, Marine x3  
  133  11:03  Siege Tank, Marine  
  133  11:04  Siege Tank  
  151  11:22  Marine x5  
  156  11:40  Marine x2  
  155  11:48  Medivac  
  157  12:02  Supply Depot x2  
  157  12:03  Supply Depot  
  157  12:04  Supply Depot  
Show
View Real Time Build Order
Export as new Build Order

edgarsai Protoss 

Build Orders: 1 Gate Expand, Archon Immortal 

Get SALT Encoding   

  12  0:03  Probe  
  13  0:11  Probe  
  14  0:26  Probe  
  14  0:28  Pylon  
  15  0:43  Assimilator  
  15  0:46  Probe  
  16  0:50  Gateway  
  16  0:57  Probe  
  17  1:05  Probe  
  18  1:28  Nexus  
  18  1:37  Probe  
  19  1:50  Cybernetics Core  
  19  2:05  Probe  
  20  2:22  Warp Gate  
  20  2:23  Pylon  
  20  2:25  Assimilator, Probe  
  20  2:28  Adept  
  23  2:41  Probe  
  23  2:42  Probe  
  25  2:53  Probe  
  26  3:04  Probe, Robotics Facility  
  27  3:05  Probe  
  27  3:12  Stalker  
  30  3:16  Probe  
  31  3:24  Probe  
  32  3:39  Probe, Pylon  
  33  3:42  Pylon  
  31  3:51  Probe  
  31  3:55  Immortal  
  36  4:05  Probe x2  
  36  4:09  Shield Battery  
  38  4:19  Probe  
  38  4:20  Probe  
  40  4:29  Assimilator  
  40  4:30  Probe  
  41  4:32  Probe  
  41  4:35  Stalker  
  48  4:38  Immortal  
  48  4:57  Robotics Bay  
  48  5:00  Gateway  
  48  5:04  Gateway  
  48  5:06  Gateway  
  48  5:08  Gateway  
  48  5:10  Probe  
  48  5:11  Probe  
  48  5:12  Twilight Council  
  50  5:19  Stalker  
  52  5:23  Probe  
  52  5:28  Immortal  
  57  5:39  Probe x2  
  57  5:41  Charge  
  57  5:42  Assimilator  
  59  5:58  Probe x2  
  61  6:10  Probe  
  62  6:15  Pylon  
  62  6:19  Pylon  
  61  6:32  Colossus  
  61  6:38  Extended Thermal Lance  
  67  6:40  Forge  
  67  6:41  Forge  
  67  6:43  Probe x2  
  69  6:58  Robotics Facility  
  69  7:01  Templar Archives  
  69  7:05  Probe x2  
  69  7:07  Pylon  
  71  7:09  Zealot x3  
  77  7:21  Pylon  
  77  7:31  Probe x2  
  77  7:36  Immortal  
  83  7:39  Zealot, Nexus  
  83  7:40  Zealot  
  83  7:43  Probe, Pylon  
  88  7:45  Pylon  
  88  7:47  Warp Prism  
  88  7:48  Probe, Pylon  
  91  7:55  Probe  
  92  8:01  Probe  
  93  8:07  Probe  
  94  8:13  Probe  
  94  8:17  Gateway  
  95  8:20  Gateway  
  95  8:22  Probe  
  95  8:24  Gateway  
  95  8:25  Probe, Gateway  
  97  8:31  Protoss Shields Level 1  
  97  8:32  Blink  
  97  8:33  Protoss Ground Weapons Level 1  
  97  8:34  Probe  
  97  8:38  High Templar x3  
  104  8:48  High Templar  
  106  8:51  Archon  
  106  8:52  Archon  
  106  9:01  Observer  
  107  9:03  Warp Prism  
  109  9:15  Probe x3  
  112  9:28  Zealot x2, Assimilator  
  112  9:29  Zealot x4  
  112  9:30  Zealot x3, Assimilator  
  130  9:32  Probe x2  
  130  9:33  Probe  
  133  9:39  Psionic Storm  
  133  10:25  Colossus  
  133  10:26  Probe x2  
  133  10:27  Colossus, Probe  
  130  10:38  Probe x2  
  130  10:39  Probe  
  94  11:02  Zealot x3  
  94  11:03  Zealot x3  
  94  11:04  Zealot  
  96  11:12  Observer  
  96  11:15  Observer  
  83  11:33  Immortal  
  83  11:36  Immortal  
  83  11:37  Stalker x2  
  83  11:38  Stalker x3  
  91  11:40  Pylon  
  91  11:42  Pylon  
  91  11:44  Pylon x2  
  91  11:46  Pylon  
  75  11:47  Pylon  
  73  12:01  Zealot  
  73  12:02  Zealot x3  
Tags
 
Add a new tag
Caveats
  • Supply blocks, unpowered buildings, or Contaminate may cause inaccurate times.
  • Supply counts are checked every 10 seconds.